 Dungeon Crawl Stone Soup version 0.29.1-2-gbd0b4ee654 (webtiles) character file.

Game seed: 1040096597704053178

89 safid the Shooter (level 4, 0/40 HPs)
             Began as a Minotaur Hunter on Oct 24, 2022.
             Slain by an endoplasm (1 damage)
             ... on level 2 of the Dungeon.
             The game lasted 00:02:36 (1713 turns).

safid the Shooter (Minotaur Hunter)                 Turns: 1713, Time: 00:02:37

Health: 0/40       AC: -4    Str: 16    XL:     4   Next: 31%
Magic:  3/3        EV: 12    Int:  6    God:
Gold:   153        SH:  0    Dex: 15    Spells: 3/3 levels left

rFire   . . .      SeeInvis .   a - +0 shortbow
rCold   . . .      Faith    .   (shield currently unavailable)
rNeg    . . .      Spirit   .   c - +0 leather armour
rPois   +          Reflect  .   (helmet restricted)
rElec   .          Harm     .   (no cloak)
rCorr   .          Rampage  .   n - +0 pair of gloves
Will    .....                   (no boots)
Stlth   +.........              (no amulet)
HPRegen 0.13/turn               r - ring of poison resistance
MPRegen 0.08/turn               (no ring)

@: corroded
A: horns 2, retaliatory headbutt
a: no special abilities


You were on level 2 of the Dungeon.
You visited 1 branch of the dungeon, and saw 2 of its levels.

You collected 153 gold pieces.

Inventory:

Hand Weapons
 a - a +0 shortbow (weapon)
Armour
 c - a +0 leather armour (worn)
 n - a +0 pair of gloves (worn)
Jewellery
 l - a ring of ice
 r - a ring of poison resistance (left hand)
Scrolls
 b - 2 scrolls of immolation
 d - 2 scrolls of blinking {unknown}
 e - 2 scrolls of amnesia {unknown}
 f - 2 scrolls of teleportation {unknown}
 g - 3 scrolls of vulnerability {unknown}
 h - 2 scrolls of identify {unknown}
 j - a scroll of noise {unknown}
 p - a scroll of magic mapping {unknown}
Potions
 i - a potion of resistance {unknown}
 k - a potion of might {unknown}
 m - a potion of flight {unknown}
 o - 2 potions of cancellation {unknown}
 q - a potion of heal wounds {unknown}


   Skills:
 + Level 4.3 Fighting
 + Level 5.5 Ranged Weapons
 - Level 2.1 Dodging
 - Level 0.7 Stealth


You had 3 spell levels left.
You didn't know any spells.
Your spell library was empty.

Dungeon Overview and Level Annotations

Branches:
Dungeon (2/15)

Altars:


Innate Abilities, Weirdness & Mutations

You have a pair of horns on your head.
You reflexively headbutt those who attack you in melee.


Message History

The jelly attacks as you move away! The jelly hits you but does no damage.
The jelly attacks as you move away! The jelly hits you. The acid corrodes you!
You are splashed with acid.
You see here a +0 dagger.
You shoot an arrow. The arrow hits the jelly.
The jelly is moderately wounded.
The jelly misses you.
You shoot an arrow. The arrow hits the jelly.
The jelly is severely wounded.
The jelly hits you. The acid corrodes you!
You are splashed with acid!
You are too injured to fight recklessly!
You are too injured to fight recklessly!
You are too injured to fight recklessly!
Unknown command.
Fire: a) +0 shortbow
Press: ? - help, Q - select action Shift-Dir - straight line, f/p - jelly
Aim: a jelly (severely wounded, 90% to hit)
You shoot an arrow. The arrow hits the jelly!
You kill the jelly!
You have reached level 4!
You feel stronger.
There is an open door here.
You see here a +0 robe.
You close the door.
You start resting.
You hear a slurping noise.
The jelly eats the door!
The jelly hits you.
You are splashed with acid!
* * * LOW HITPOINT WARNING * * *
The jelly jiggles.
Things that are here:
a +0 whip; 3 stones; a +0 dagger The endoplasm attacks as you move away!
The endoplasm closely misses you.
There is an open gate here.
The jelly attacks as you move away! The jelly hits you.
* * * LOW HITPOINT WARNING * * *
You are splashed with acid!
* * * LOW HITPOINT WARNING * * *
The endoplasm attacks as you move away! The endoplasm hits you.
You die...

#..........##.#..........#
#.###....................#
# #......##.############
#####.))..# ###
######.###############...
#.......#####......##'÷..
+.......#.##.......#J#..÷
#.......#J'........#)#J.÷
#.......@J'J......[#J#...
#.......#.'......#.#J#...
#.......#.##.....#.#.#...
#############....#.#.#...
#######.##... ### ### #
#.#### # #....# #


You could see a jelly and 2 endoplasms.

Vanquished Creatures
  A jelly (D:2)
  An adder (D:2)
  A dart slug (D:1)
  3 ball pythons
  11 endoplasms
  A giant cockroach (D:2)
  5 goblins
  2 hobgoblins
  13 kobolds
  3 bats
  7 rats
48 creatures vanquished.

Vanquished Creatures (others)
  7 fungi (D:2)
  7 toadstools (D:2)
14 creatures vanquished.

Grand Total: 62 creatures vanquished

Notes
Turn   | Place    | Note
-------+----------+-------------------------------------------
     0 | D:1      | safid the Minotaur Hunter began the quest for the Orb.
     0 | D:1      | Reached XP level 1. HP: 18/18 MP: 0/0
    95 | D:1      | Found a faded altar of an unknown god.
   259 | D:1      | Reached XP level 2. HP: 26/26 MP: 1/1
   926 | D:2      | Reached skill level 5 in Ranged Weapons
   926 | D:2      | Reached XP level 3. HP: 15/31 MP: 2/2
  1692 | D:2      | Reached XP level 4. HP: 19/40 MP: 3/3
  1713 | D:2      | HP: 1/40 [acid (10)]
  1713 | D:2      | Slain by an endoplasm

Illustrated notes

Levels and vault maps discovered:
D:1:      minmay_arrival_five_plusses, layout_basic, basic_ecumenical_altar,
          dk_noncrumbling_4, glass_columns_b
D:2:      cheibrodos_fertilizer, layout_basic, nrook_mini_backslash

Skill      XL: |  1  2  3 |
---------------+----------+-----
Fighting       | 3 4 |  4.3
Ranged Weapons | 5 |  5.5
Dodging        | |  2.1
Stealth        | |  0.7

Action                   |  1- 3 |  4- 6 || total
-------------------------+-------+-------++-------
 Fire: Shortbow          |   113 |       ||   113
Armor: Leather armour    |    16 |       ||    16
Dodge: Dodged            |    43 |     1 ||    44
